[ AOE2 MATCH · #506515937 ]
UnrankedFranks vs Hindustanis
Player's team · LOSS
[ REPLAY ANALYSIS · EXTRACTED FROM THE RECORDED GAME ]
Feudal
8:25
Castle
20:45
Imperial
—
| APM avg | 70.3 |
| APM peak | 110 |
| eAPM avg | 27.2 |
| Villagers / military | 132 / 44 |
Focus
⚔️ 34.5% · 🌾 65.5%
Skirmisher ×16 · Monk ×10 · Throwing Axeman ×7 · Scout Cavalry ×4 · Mangonel ×3 · Knight ×2
Feudal
11:01
Castle
20:50
Imperial
35:25
| APM avg | 59.0 |
| APM peak | 83 |
| eAPM avg | 29.7 |
| Villagers / military | 125 / 85 |
Focus
⚔️ 38.6% · 🌾 61.4%
Archer ×31 · Camel Scout ×17 · Cavalry Archer ×12 · Monk ×5 · Ghulam ×5 · Scout Cavalry ×4
Match map
Initial resources + every placement click. Lines = walls · curves = elevation contours. ◆ gold · ⬟ stone · ● berries · ✦ relic · ◌ wall gap
Your base· Open — unwalled flank
TAG_MbL_'s base· ✓ Closed at 20:50 · 45t walls · 1 gate(s)
Smoothed initial terrain · ◌ = detected wall gap · hover for details
Inputs per minute
— ThunderboltX - - TAG_MbL_
Build order — ThunderboltX
First 150 of 312 actions detected
| 0:00 | Create | Villager (Male) |
| 0:01 | Build | House |
| 0:02 | Build | House |
| 0:04 | Create | Villager (Male) |
| 0:05 | Create | Villager (Male) |
| 0:05 | Create | Villager (Male) |
| 1:28 | Create | Villager (Male) |
| 2:03 | Create | Villager (Male) |
| 2:20 | Build | Mill |
| 2:23 | Create | Villager (Male) |
| 2:47 | Create | Villager (Male) |
| 3:05 | Create | Villager (Male) |
| 3:24 | Create | Villager (Male) |
| 3:54 | Build | House |
| 3:59 | Create | Villager (Male) |
| 4:23 | Create | Villager (Male) |
| 4:33 | Create | Villager (Male) |
| 4:34 | Create | Villager (Male) |
| 5:01 | Build | Lumber Camp |
| 5:18 | Build | Lumber Camp |
| 5:22 | Research | Loom |
| 6:10 | Research | Feudal Age |
| 7:24 | Build | Barracks |
| 7:35 | Create | Villager (Male) |
| 8:09 | Build | Palisade Wall |
| 8:25 | Age | Feudal Age |
| 8:28 | Build | House |
| 8:30 | Build | Stable |
| 8:34 | Research | Double-Bit Axe |
| 8:35 | Create | Villager (Male) |
| 9:07 | Build | Palisade Wall |
| 9:08 | Build | Palisade Wall |
| 9:09 | Build | Palisade Wall |
| 9:11 | Create | Scout Cavalry |
| 9:14 | Create | Villager (Male) |
| 9:17 | Build | Mill |
| 9:44 | Create | Villager (Male) |
| 10:01 | Build | Farm |
| 10:12 | Build | Farm |
| 10:14 | Create | Villager (Male) |
| 10:18 | Build | House |
| 10:19 | Build | Palisade Wall |
| 10:50 | Create | Villager (Male) |
| 10:53 | Build | Farm |
| 10:55 | Build | Farm |
| 10:56 | Create | Scout Cavalry |
| 11:13 | Create | Villager (Male) |
| 11:17 | Build | Farm |
| 11:19 | Build | Farm |
| 11:35 | Build | House |
| 11:39 | Create | Villager (Male) |
| 11:44 | Build | Farm |
| 11:48 | Build | House |
| 11:56 | Create | Villager (Male) |
| 12:11 | Build | Farm |
| 12:30 | Create | Villager (Male) |
| 12:38 | Build | Farm |
| 12:44 | Create | Scout Cavalry |
| 12:57 | Create | Villager (Male) |
| 13:13 | Create | Villager (Male) |
| 13:44 | Create | Villager (Male) |
| 13:47 | Build | Mining Camp |
| 13:53 | Build | Farm |
| 13:54 | Build | Farm |
| 13:57 | Create | Villager (Male) |
| 14:02 | Build | Archery Range |
| 14:08 | Build | Farm |
| 14:23 | Create | Villager (Male) |
| 14:43 | Build | Mining Camp |
| 14:46 | Create | Villager (Male) |
| 14:52 | Build | House |
| 14:53 | Build | House |
| 14:55 | Research | Wheelbarrow |
| 15:04 | Create | Skirmisher |
| 15:07 | Create | Skirmisher |
| 15:20 | Create | Villager (Male) |
| 15:31 | Create | Villager (Male) |
| 15:33 | Create | Skirmisher |
| 15:42 | Build | House |
| 15:53 | Create | Villager (Male) |
| 15:56 | Build | Farm |
| 16:22 | Create | Skirmisher |
| 16:31 | Build | House |
| 17:25 | Create | Villager (Male) |
| 17:29 | Build | House |
| 17:31 | Build | Palisade Wall |
| 17:33 | Build | Palisade Wall |
| 17:34 | Build | Palisade Wall |
| 17:42 | Build | Lumber Camp |
| 18:05 | Research | Castle Age |
| 18:06 | Research | Gold Mining |
| 18:22 | Build | Blacksmith |
| 18:24 | Create | Skirmisher |
| 18:24 | Create | Skirmisher |
| 18:38 | Create | Skirmisher |
| 19:29 | Create | Skirmisher |
| 19:40 | Research | Padded Archer Armor |
| 19:41 | Research | Fletching |
| 20:14 | Create | Skirmisher |
| 20:36 | Create | Scout Cavalry |
| 20:45 | Age | Castle Age |
| 20:48 | Create | Villager (Male) |
| 20:49 | Research | Elite Skirmisher (upgrade) |
| 20:52 | Research | Bow Saw |
| 20:52 | Research | Bodkin Arrow |
| 20:58 | Build | Town Center |
| 21:06 | Build | Monastery |
| 21:13 | Create | Villager (Male) |
| 21:20 | Create | Skirmisher |
| 21:36 | Create | Knight |
| 21:51 | Create | Villager (Male) |
| 21:56 | Create | Monk |
| 21:59 | Create | Villager (Male) |
| 22:01 | Create | Skirmisher |
| 22:01 | Create | Skirmisher |
| 22:07 | Create | Skirmisher |
| 22:22 | Create | Villager (Male) |
| 22:23 | Create | Villager (Male) |
| 22:24 | Create | Villager (Male) |
| 22:36 | Create | Villager (Male) |
| 22:36 | Create | Skirmisher |
| 22:43 | Build | Town Center |
| 22:45 | Create | Villager (Male) |
| 23:13 | Create | Monk |
| 23:14 | Create | Villager (Male) |
| 23:16 | Create | Skirmisher |
| 23:17 | Create | Villager (Male) |
| 23:22 | Build | Farm |
| 23:22 | Build | Farm |
| 23:24 | Build | Farm |
| 23:28 | Build | Farm |
| 23:28 | Build | Farm |
| 23:29 | Build | Farm |
| 23:37 | Create | Monk |
| 23:38 | Create | Villager (Male) |
| 23:39 | Create | Villager (Male) |
| 23:39 | Create | Skirmisher |
| 23:41 | Build | Farm |
| 23:47 | Build | Farm |
| 23:49 | Create | Villager (Male) |
| 23:49 | Create | Villager (Male) |
| 23:55 | Build | Farm |
| 24:06 | Create | Villager (Male) |
| 24:06 | Create | Villager (Male) |
| 24:20 | Create | Villager (Male) |
| 24:23 | Build | Farm |
| 24:25 | Build | Farm |
| 24:26 | Build | Farm |
| 24:29 | Create | Villager (Male) |
| 24:35 | Create | Monk |
Build order — TAG_MbL_
First 150 of 364 actions detected
| 0:00 | Create | Villager (Male) |
| 0:01 | Build | House |
| 0:02 | Build | House |
| 0:15 | Create | Villager (Male) |
| 0:16 | Create | Villager (Male) |
| 0:23 | Create | Villager (Male) |
| 0:58 | Create | Villager (Male) |
| 1:28 | Create | Villager (Male) |
| 2:02 | Create | Villager (Male) |
| 2:34 | Create | Villager (Male) |
| 2:47 | Build | Lumber Camp |
| 2:53 | Create | Villager (Male) |
| 3:14 | Create | Villager (Male) |
| 3:32 | Create | Villager (Male) |
| 3:49 | Create | Villager (Male) |
| 3:53 | Build | House |
| 4:20 | Create | Villager (Male) |
| 4:21 | Create | Villager (Male) |
| 4:29 | Build | Palisade Wall |
| 4:30 | Build | Palisade Wall |
| 4:35 | Create | Villager (Male) |
| 4:53 | Build | Barracks |
| 5:15 | Build | House |
| 5:19 | Build | House |
| 5:23 | Create | Villager (Male) |
| 5:43 | Create | Militia |
| 5:43 | Create | Militia |
| 5:43 | Create | Militia |
| 5:45 | Build | House |
| 5:46 | Create | Villager (Male) |
| 6:26 | Create | Villager (Male) |
| 6:30 | Create | Villager (Male) |
| 6:34 | Build | Mill |
| 7:17 | Build | Mill |
| 7:43 | Create | Villager (Male) |
| 8:02 | Create | Villager (Male) |
| 8:15 | Research | Loom |
| 8:16 | Research | Loom |
| 8:51 | Research | Feudal Age |
| 8:53 | Build | Mining Camp |
| 9:43 | Build | Farm |
| 10:12 | Create | Villager (Male) |
| 10:59 | Create | Villager (Male) |
| 11:01 | Age | Feudal Age |
| 11:04 | Build | Archery Range |
| 11:06 | Research | Double-Bit Axe |
| 11:06 | Research | Double-Bit Axe |
| 11:06 | Research | Horse Collar |
| 11:07 | Create | Spearman |
| 11:11 | Create | Villager (Male) |
| 11:13 | Build | Farm |
| 11:15 | Build | Farm |
| 11:26 | Create | Spearman |
| 11:36 | Build | House |
| 11:36 | Build | House |
| 11:50 | Build | Palisade Wall |
| 11:51 | Create | Villager (Male) |
| 11:55 | Build | Palisade Wall |
| 12:01 | Build | Palisade Wall |
| 12:05 | Create | Spearman |
| 12:09 | Build | Palisade Gate |
| 12:11 | Create | Villager (Male) |
| 12:16 | Build | Farm |
| 12:28 | Create | Villager (Male) |
| 12:41 | Build | Farm |
| 12:45 | Build | Farm |
| 12:47 | Create | Villager (Male) |
| 12:53 | Create | Archer |
| 12:53 | Create | Archer |
| 12:57 | Build | Palisade Wall |
| 13:07 | Create | Villager (Male) |
| 13:09 | Build | Farm |
| 13:13 | Build | Palisade Wall |
| 13:23 | Create | Villager (Male) |
| 13:27 | Create | Archer |
| 13:27 | Create | Archer |
| 13:35 | Create | Villager (Male) |
| 13:40 | Build | Palisade Wall |
| 13:50 | Build | Lumber Camp |
| 13:57 | Build | Farm |
| 14:03 | Create | Archer |
| 14:08 | Create | Villager (Male) |
| 14:20 | Build | Palisade Wall |
| 14:22 | Build | Palisade Wall |
| 14:26 | Build | House |
| 14:39 | Build | Farm |
| 14:40 | Build | Farm |
| 14:40 | Create | Villager (Male) |
| 14:52 | Create | Villager (Male) |
| 14:54 | Build | Palisade Wall |
| 14:56 | Build | Palisade Wall |
| 14:59 | Build | House |
| 15:04 | Build | Farm |
| 15:07 | Build | Farm |
| 15:11 | Create | Archer |
| 15:14 | Create | Villager (Male) |
| 15:32 | Build | House |
| 15:35 | Build | Farm |
| 15:38 | Build | Farm |
| 15:40 | Build | Farm |
| 16:03 | Build | Farm |
| 16:04 | Build | Farm |
| 16:12 | Create | Villager (Male) |
| 16:23 | Create | Villager (Male) |
| 16:29 | Build | Farm |
| 17:06 | Research | Gold Mining |
| 17:16 | Build | House |
| 17:24 | Build | Stable |
| 17:44 | Create | Villager (Male) |
| 17:56 | Create | Archer |
| 17:58 | Create | Archer |
| 18:04 | Build | Blacksmith |
| 18:10 | Research | Castle Age |
| 18:23 | Build | Farm |
| 18:37 | Create | Archer |
| 18:42 | Create | Scout Cavalry |
| 18:43 | Create | Scout Cavalry |
| 18:50 | Research | Fletching |
| 19:02 | Build | Lumber Camp |
| 19:04 | Create | Villager (Male) |
| 19:07 | Create | Archer |
| 19:08 | Create | Scout Cavalry |
| 19:22 | Research | Bloodlines |
| 19:36 | Research | Padded Archer Armor |
| 19:45 | Create | Archer |
| 19:52 | Create | Archer |
| 19:54 | Create | Villager (Male) |
| 20:17 | Create | Scout Cavalry |
| 20:50 | Age | Castle Age |
| 20:52 | Create | Camel Scout |
| 20:52 | Create | Camel Scout |
| 20:55 | Research | Bodkin Arrow |
| 20:56 | Create | Villager (Male) |
| 21:01 | Build | Town Center |
| 21:08 | Build | Town Center |
| 21:08 | Create | Villager (Male) |
| 21:19 | Research | Crossbowman (upgrade) |
| 21:19 | Research | Crossbowman (upgrade) |
| 21:28 | Create | Archer |
| 21:54 | Create | Archer |
| 21:59 | Create | Villager (Male) |
| 22:00 | Create | Camel Scout |
| 22:06 | Build | Monastery |
| 22:11 | Create | Archer |
| 22:23 | Create | Camel Scout |
| 22:24 | Create | Villager (Male) |
| 22:25 | Create | Villager (Male) |
| 22:25 | Create | Villager (Male) |
| 22:30 | Create | Villager (Male) |
| 22:30 | Create | Villager (Male) |
Match timeline
| 4:29 | TAG_MbL_ · wall_segment Palisade Wall x1 |
| 4:30 | TAG_MbL_ · wall_segment Palisade Wall x1 |
| 4:53 | TAG_MbL_ · first_building Barracks |
| 7:24 | ThunderboltX · first_building Barracks |
| 8:09 | ThunderboltX · wall_segment Palisade Wall x1 |
| 8:25 | ThunderboltX · age_up feudal |
| 8:30 | ThunderboltX · first_building Stable |
| 9:07 | ThunderboltX · wall_segment Palisade Wall x1 |
| 9:08 | ThunderboltX · wall_segment Palisade Wall x1 |
| 9:09 | ThunderboltX · wall_segment Palisade Wall x3 |
| 10:19 | ThunderboltX · wall_segment Palisade Wall x9 |
| 11:01 | TAG_MbL_ · age_up feudal |
| 11:04 | TAG_MbL_ · first_building Archery Range |
| 11:50 | TAG_MbL_ · wall_segment Palisade Wall x6 |
| 11:55 | TAG_MbL_ · wall_segment Palisade Wall x7 |
| 12:01 | TAG_MbL_ · wall_segment Palisade Wall x16 |
| 12:57 | TAG_MbL_ · wall_segment Palisade Wall x7 |
| 13:13 | TAG_MbL_ · wall_segment Palisade Wall x1 |
| 13:40 | TAG_MbL_ · wall_segment Palisade Wall x3 |
| 14:02 | ThunderboltX · first_building Archery Range |
| 14:20 | TAG_MbL_ · wall_segment Palisade Wall x1 |
| 14:22 | TAG_MbL_ · wall_segment Palisade Wall x1 |
| 14:54 | TAG_MbL_ · wall_segment Palisade Wall x3 |
| 14:56 | TAG_MbL_ · wall_segment Palisade Wall x1 |
| 17:24 | TAG_MbL_ · first_building Stable |
| 17:31 | ThunderboltX · wall_segment Palisade Wall x4 |
| 17:33 | ThunderboltX · wall_segment Palisade Wall x4 |
| 17:34 | ThunderboltX · wall_segment Palisade Wall x1 |
| 20:45 | ThunderboltX · age_up castle |
| 20:50 | TAG_MbL_ · age_up castle |
| 21:06 | ThunderboltX · first_building Monastery |
| 22:06 | TAG_MbL_ · first_building Monastery |
| 25:57 | TAG_MbL_ · first_building Siege Workshop |
| 28:34 | ThunderboltX · first_building Castle |
| 29:56 | ThunderboltX · first_building Siege Workshop |
| 31:59 | TAG_MbL_ · first_building Castle |
| 33:55 | ThunderboltX · first_market_buy 100 stone |
| 35:25 | TAG_MbL_ · age_up imperial |
| 36:44 | TAG_MbL_ · first_market_buy 100 wood |
| 36:50 | ThunderboltX · resign |
[ AI ANALYSIS · 1 CREDIT ]
What really happened in this match?
Wolo.gg analyzes every decision: build order, eco, micro, common mistakes by bracket. Personalized analysis on WhatsApp or Discord in 30 seconds.
Civ guide
Franks
Perfil
Jugador #25183359